 Dungeon Crawl Stone Soup version 0.23-a0-49-gd9f7a49 (webtiles) character file.

6 galech the Covered (level 1, 0/17 HPs)
             Began as a Gnoll Wanderer on Aug 7, 2018.
             Slain by a rat (2 damage)
             ... on level 1 of the Dungeon.
             The game lasted 00:00:08 (104 turns).

galech the Covered (Gnoll Wanderer)                  Turns: 104, Time: 00:00:09

Health: 0/17       AC:  2    Str: 10    XL:     1   Next: 90%
Magic:  2/2        EV: 13    Int: 15    God:
Gold:   20         SH:  0    Dex: 17    Spells: 0/0 levels left

rFire    . . .     SeeInvis .   a - +2 short sword
rCold    . . .     Gourm    .   (no shield)
rNeg     . . .     Faith    .   e - +0 robe
rPois    .         Spirit   .   (no helmet)
rElec    .         Reflect  .   (no cloak)
rCorr    .         Harm     .   (no gloves)
MR       .....                  (no boots)
Stlth    +++.......             (no amulet)
HPRegen  0.05/turn              (no ring)
MPRegen  0.08/turn              (no ring)

@: no status effects
A: distributed training, fangs 1, strong nose
a: no special abilities


You were on level 1 of the Dungeon.
You were not hungry.

You visited 1 branch of the dungeon, and saw 1 of its levels.

You collected 20 gold pieces.

Inventory:

Hand Weapons
 a - a +2 short sword (weapon)
 c - a +0 shortbow
 f - a +0 dagger
Missiles
 d - 29 arrows
Armour
 e - a +0 robe (worn)
Scrolls
 h - a scroll of identify {unknown}
 i - a scroll of enchant armour {unknown}
Potions
 b - a potion of curing
Comestibles
 g - a ration


   Skills:
 + Level 2.4 Fighting
 + Level 2.4 Short Blades
 + Level 0.1 Long Blades
 + Level 0.1 Axes
 + Level 0.1 Maces & Flails
 + Level 0.1 Polearms
 + Level 0.1 Staves
 + Level 0.1 Slings
 + Level 2.4 Bows
 + Level 0.1 Crossbows
 + Level 0.1 Throwing
 + Level 4.4 Armour
 + Level 2.4 Dodging
 + Level 4.0 Stealth
 + Level 2.4 Shields
 + Level 0.1 Unarmed Combat
 + Level 0.1 Spellcasting
 + Level 0.1 Conjurations
 + Level 0.1 Hexes
 + Level 0.1 Charms
 + Level 0.1 Summonings
 + Level 0.1 Necromancy
 + Level 0.1 Translocations
 + Level 0.1 Transmutations
 + Level 0.1 Fire Magic
 + Level 0.1 Ice Magic
 + Level 0.1 Air Magic
 + Level 0.1 Earth Magic
 + Level 0.1 Poison Magic
 + Level 0.2 Invocations
 + Level 2.4 Evocations


You couldn't memorise any spells.
You didn't know any spells.
Your spell library was empty.

Dungeon Overview and Level Annotations

Branches:
Dungeon (1/15)

Altars:


Innate Abilities, Weirdness & Mutations

Your experience applies equally to all skills.
You have very sharp teeth.
Your uncanny sense of smell can sniff out nearby items.


Message History

The hobgoblin barely misses you. The bat closely misses you.
The bat misses you. The bat completely misses you.
You completely miss the bat. The bat hits you.
* * * LOW HITPOINT WARNING * * *
You hit the hobgoblin.
The hobgoblin is heavily wounded.
The hobgoblin barely misses you.
You hit the hobgoblin.
You kill the hobgoblin!
The bat barely misses you. The bat barely misses you.
The bat hits you but does no damage. The rat misses you. The ooze misses you.
You closely miss the rat. The bat misses you. The rat misses you.
The ooze hits you.
* * * LOW HITPOINT WARNING * * *
You barely miss the rat.
The ooze quivers.
Your bite misses the rat. The rat bites you.
You die...

........###.
........#.. ##.
..........# .. .
..... ....#####.#..
...... #.........$
......##...##...
.......gg...#.#
...J..†rJrKb..#
######.##@#...# ..b
#.#.#......#
#.####.#.#.##....
#.$. #....#.# r..
#.##.#####..###.. ..
............# #.
######.###### .#
∆######....≈...≈≈.#
##
##.......≈≈.≈≈≈.....


You could see 2 oozes, 2 hobgoblins, a bat, a kobold and 2 rats.

Vanquished Creatures
  A dart slug (D:1)
  A giant cockroach (D:1)
  A hobgoblin (D:1)
  A ball python (D:1)
4 creatures vanquished.

Notes
Turn   | Place    | Note
-------+----------+-------------------------------------------
     0 | D:1      | galech the Gnoll Wanderer began the quest for the Orb.
     0 | D:1      | galech set off with: a +2 short sword, a potion of curing, a +0 shortbow, 29 arrows, a +0 robe, a +0 dagger, a ration
     0 | D:1      | Reached XP level 1. HP: 17/17 MP: 2/2
   104 | D:1      | Slain by a rat

Vault maps used:
D:1:      dpeg_arrival_water_fire, patterned_corridor

Action                   || total
-------------------------++-------
Melee: Short sword       ||    19
       Bite              ||     3
 Stab: Sleeping          ||     1
Armor: Robe              ||     5
Dodge: Dodged            ||    42

Table legend:
 A = Spawn XP
 B = Non-spawn XP
 C = Spawn XP percentage of total XP
 D = Spawn monster count
 E = Non-spawn monster count
 F = Spawn count percentage of total count
 G = Total turns spent on level
                    A         B        C        D         E        F      G
               +---------+---------+-------+---------+---------+-------+---------
         Total |       0 |       9 |   0.0 |       0 |       4 |   0.0 |   104
               +---------+---------+-------+---------+---------+-------+---------
           D:1 |       0 |       9 |   0.0 |       0 |       4 |   0.0 |   104
               +---------+---------+-------+---------+---------+-------+---------
